 Dungeon Crawl Stone Soup version 0.19.1-1-g22dce08 (webtiles) character file.

29 M4edhros the Ducker (level 3, -5/17 HPs)
             Began as a Felid Chaos Knight on Jan 4, 2017.
             Killed by nerve-wracking pain
             ... invoked by a shadow imp
             ... summoned by Xom
              (14 damage)
             ... on level 2 of the Dungeon.
             The game lasted 00:01:37 (3761 turns).

M4edhros the Ducker (Felid Chaos Knight)            Turns: 3761, Time: 00:01:38

Health: -5/17      AC:  2    Str:  9      XL:     3   Next: 1%
Magic:  4/4        EV: 19    Int: 12 (13) God:    Xom [*.....]
Gold:   117        SH:  0    Dex: 15      Spells: 0 memorised, 2 levels left
                                        Lives:  0   Deaths: 0

rFire  . . .     SeeInvis +       - Unarmed
rCold  . . .     Gourm    .     (armour unavailable)
rNeg   . . .     Faith    .     (shield unavailable)
rPois  .         Spirit   .     (helmet unavailable)
rElec  .         Reflect  .     (cloak unavailable)
rCorr  .         Harm     .     (gloves unavailable)
MR     .....     Rnd*Rage +     (boots unavailable)
Stlth  ++........               (no amulet)
                                (no ring)
                                (no ring)

@: quick
A: no armour, no weapons or thrown items, stealth, claws 1, fangs 3, see
invisible, berserk 1, carnivore 3, speed 1, shaggy fur 2, slow metabolism 1, no
device heal 1, sharp paws
a: Renounce Religion


You were on level 2 of the Dungeon.
You worshipped Xom.
You were a special plaything of Xom.
You were very full.

You visited 1 branch of the dungeon, and saw 2 of its levels.
You visited the Abyss 1 time.

You collected 117 gold pieces.

Inventory:

Jewellery
 g - a +3 ring of dexterity {unknown}
Scrolls
 c - 2 scrolls of identify {unknown}
 d - a scroll of fog {unknown}
 e - a scroll of recharging {unknown}
 i - a scroll of remove curse {unknown}
Potions
 b - a potion of invisibility {unknown}
 j - a potion of magic {unknown}
Books
 h - Xom's Handbook of the Whale
   (Xom gifted it to you on level 1 of the Dungeon)

   Spells                             Type                      Level
   a - Blink                          Translocation                2
   b - Gell's Gravitas                Hexes/Translocation          3
Comestibles
 a - a meat ration
 f - a slice of pizza


   Skills:
 + Level 3.2 Fighting
 + Level 3.7 Dodging
 + Level 1.5 Stealth
 * Level 3.5 Unarmed Combat


You had 2 spell levels left.
You didn't know any spells.

Dungeon Overview and Level Annotations

Branches:
Dungeon (2/15)

Altars:


Innate Abilities, Weirdness & Mutations

You cannot wear armour.
You are incapable of wielding weapons or throwing items.
Your paws allow you to move quietly. (Stealth)
You have sharp claws.
You have razor-sharp teeth.
You have supernaturally acute eyesight. (SInv)
You are carnivorous and can eat meat at any time.
You cover ground quickly.
You are covered in thick fur. (AC +2)
You have a slow metabolism.
Your sharp claws are effective at attacking unaware monsters.
You tend to lose your temper in combat.
Potions and wands are less effective at restoring your health.


Message History

The shadow imp shouts, "Scamper hence, thou tottering boil-brained lewdster!"
The shadow imp misses you.
You scratch the shadow imp but do no damage.
The shadow imp is heavily wounded.
The shadow imp closely misses you.
You barely miss the shadow imp.
The shadow imp is heavily wounded.
The shadow imp misses you.
You barely miss the shadow imp. Your bite misses the shadow imp.
The shadow imp is heavily wounded.
The shadow imp misses you.
You scratch the shadow imp.
The shadow imp is almost dead.
The shadow imp barely misses you.
You closely miss the shadow imp.
The shadow imp is almost dead.
The shadow imp gestures at you. Pain shoots through your body!
Ouch! That really hurt!
You die...

# .... #.
#..#
#.####≈.#
#...≈...###
#....≈≈.#
#...≈.≈≈#
#...≈.≈.#
#.......#
#...@5..#
#.......#
#.......#
#########


You could see a shadow imp.

Vanquished Creatures
  A worm (D:2)
  A dart slug (D:1)
  A giant cockroach (D:1)
  A goblin (D:1)
  6 hobgoblins (D:1)
  3 jackals (D:1)
  2 bats (D:1)
  5 kobolds (D:1)
  A rat (D:1)
21 creatures vanquished.

Notes
Turn   | Place    | Note
-------+----------+-------------------------------------------
     0 | D:1      | M4edhros the Felid Chaos Knight began the quest for the Orb.
     0 | D:1      | Reached XP level 1. HP: 10/10 MP: 2/2
    37 | D:1      | XOM: harmless Fire miscast
   173 | D:1      | XOM: harmless Chrm miscast
   200 | D:1      | XOM: silly message
   385 | D:1      | XOM: potion effect (agility)
   386 | D:1      | Reached skill level 1 in Stealth
   386 | D:1      | Reached XP level 2. HP: 10/14 MP: 3/3
   760 | D:1      | XOM: medium Divn miscast
  1036 | D:1      | XOM: god gift: 37 gold pieces
  1812 | D:1      | XOM: harmless Erth miscast
  1925 | D:1      | XOM is BORED!
  1925 | D:1      | XOM: mild Fire miscast
  2058 | D:1      | XOM: silly message
  2159 | D:1      | XOM: harmless Conj miscast
  2652 | D:1      | XOM: mild Erth miscast
  2763 | D:1      | XOM is BORED!
  2763 | D:1      | XOM: silly message
  3230 | D:1      | XOM: harmless Pois miscast
  3232 | D:1      | XOM: give mutations
  3232 | D:1      | Gained mutation: You tend to lose your temper in combat. [Xom's mischief]
  3232 | D:1      | Gained mutation: Potions and wands are less effective at restoring your health. [Xom's mischief]
  3232 | D:1      | Gained mutation: You are covered in thick fur. (AC +2) [Xom's mischief]
  3265 | D:1      | Identified Xom's Handbook of the Whale (Xom gifted it to you on level 1 of the Dungeon)
  3265 | D:1      | XOM: god gift: Xom's Handbook of the Whale
  3475 | D:1      | XOM: noise
  3505 | D:1      | XOM is BORED!
  3505 | D:1      | XOM: medium Tloc miscast
  3505 | D:1      | Cast into level 1 of the Abyss (the capriciousness of Xom)
  3505 | D:1      | Escaped the Abyss
  3505 | D:1      | XOM: revert banishment
  3651 | D:2      | XOM: butterfly on damage
  3652 | D:2      | Reached XP level 3. HP: 7/17 MP: 4/4
  3680 | D:2      | XOM: mild Air miscast
  3745 | D:2      | XOM: summons 1 hostile demon
  3761 | D:2      | Killed from afar by a shadow imp

Skill      XL: |  1 |
---------------+----+-----
Stealth        | 1 |  1.5
Fighting       | |  3.2
Dodging        | |  3.7
Unarmed Combat | |  3.5

Action                   || total
-------------------------++-------
Melee: Unarmed           ||    72
       Bite              ||     6
       Punch             ||     1
 Stab: Sleeping          ||     3
       Distracted        ||     1
  Eat: Chunk             ||    12
Armor: Skin              ||     7
Dodge: Dodged            ||    58
